 Dungeon Sprint DCSS version 0.25.1-2-g60ff931df9 (webtiles) character file.

Game seed: 18054123084749040229

641 sahdkjhfkaj the Markscentaur (level 7, -1/70 HPs)
             Began as a Centaur Hunter on Nov 28, 2020.
             Slain by a centaur warrior (3 damage)
             ... in the Dungeon (Sprint I: "Red Sonja").
             The game lasted 00:04:25 (1059 turns).

sahdkjhfkaj the Markscentaur (Centaur Hunter)       Turns: 1059, Time: 00:04:25

Health: -1/70      AC:  4    Str: 17    XL:     7   Next: 26%
Magic:  7/7        EV:  9    Int: 10    God:
Gold:   307        SH:  0    Dex:  9    Spells: 6/6 levels left

rFire    . . .     SeeInvis .   a - +1 shortbow
rCold    . . .     Gourm    .   (shield currently unavailable)
rNeg     . . .     Faith    .   c - +0 leather armour
rPois    .         Spirit   .   (no helmet)
rElec    .         Reflect  .   (no cloak)
rCorr    .         Harm     .   (no gloves)
MR       .....     NoTele   +   (no barding)
Stlth    +.........             (no amulet)
HPRegen  0.21/turn              (no ring)
MPRegen  0.10/turn              (no ring)

@: very quick
A: large, hooves 3, deformed body, speed 2, tough skin 3
a: no special abilities


You were in the Dungeon.
You were not hungry.

You visited 1 branch You collected 307 gold pieces.

Inventory:

Hand Weapons
 a - a +1 shortbow (weapon)
 b - a +0 short sword
Missiles
 d - 8 arrows (quivered)
Armour
 c - a +0 leather armour (worn)
Scrolls
 k - a scroll of blinking
Potions
 e - a potion of curing
 i - 2 potions of magic
 j - a potion of cancellation {unknown}
Comestibles
 f - a ration


   Skills:
 + Level 9.4 Fighting
 * Level 16.3 Bows
 - Level 1.3 Dodging
 - Level 0.4 Stealth


You had 6 spell levels left.
You didn't know any spells.
Your spell library was empty.

Dungeon Overview and Level Annotations

Branches:
Dungeon (1/1)

Altars:
Cheibriados
Dithmenos
Elyvilon
Fedhas
Gozag
Hepliaklqana
Kikubaaqudgha
Makhleb
Nemelex Xobeh
Okawaru
Qazlal
Ru
Sif Muna
Trog
Uskayaw
Vehumet
Wu Jian
Xom
Yredelemnul
Zin
The Shining One
Jiyva
Lugonu

Shops:
D *


Innate Abilities, Weirdness & Mutations

You have hooves in place of feet.
Armour fits poorly on your strangely shaped body.
You cover ground very quickly.
You have extremely tough skin. (AC +3)


Message History

The arrow hits the centaur warrior!
The centaur warrior is heavily wounded.
The centaur warrior wields a +0 longbow.
The centaur warrior shoots an arrow.
The arrow closely misses you. The centaur warrior hits you!
* * * LOW HITPOINT WARNING * * *
Unknown command.
Okay, then.
The centaur warrior wields a +0 shortbow.
The centaur warrior shoots an arrow.
The arrow barely misses you.
You see here 2 arrows.
You close the door.
A centaur warrior opens the door.
The centaur warrior shoots an arrow.
The arrow hits you!
* * * LOW HITPOINT WARNING * * *
The centaur warrior unwields a +0 longbow.
The centaur warrior hits you.
* * * LOW HITPOINT WARNING * * *
The centaur warrior unwields a +0 shortbow.
The centaur warrior hits you.
You die...

###################
#<.#..').#..'.(#__#
#..).)#..'..#..'^.+
#..#####'#####'#__#
#..####..#...#[####
#..#__####..##)#≈§§
#..#_____##'#_.§≈§§
#⌠⌠#_.∩...'..cc#§§§
####_..__##_.#@##+#
#_____###+#(#
####### ###


You could see 2 centaur warriors.

Vanquished Creatures
  A slime creature (D)
  Sigmund (D)
  A yak (D)
  An ogre (D)
  A jelly (D)
  Ijyb (D)
6 creatures vanquished.

Vanquished Creatures (others)
  A hornet (D)
1 creature vanquished.

Grand Total: 7 creatures vanquished

Notes
Turn   | Place    | Note
-------+----------+-------------------------------------------
     0 | D        | sahdkjhfkaj the Centaur Hunter began the quest for the Orb.
     0 | D        | Reached XP level 1. HP: 17/17 MP: 1/1
     1 | D        | Noticed Ijyb
    16 | D        | Killed Ijyb
    16 | D        | Reached skill level 8 in Bows
    16 | D        | Reached XP level 2. HP: 27/27 MP: 2/2
    61 | D        | Noticed an ogre
    67 | D        | Killed an ogre
    67 | D        | Reached skill level 5 in Fighting
    67 | D        | Reached skill level 11 in Bows
    67 | D        | Reached XP level 3. HP: 36/36 MP: 3/3
    67 | D        | Reached XP level 4. HP: 42/42 MP: 4/4
   169 | D        | Noticed Sigmund
   210 | D        | Killed Sigmund
   210 | D        | Reached skill level 13 in Bows
   210 | D        | Reached XP level 5. HP: 16/52 MP: 5/5
   210 | D        | Reached XP level 6. HP: 18/60 MP: 6/6
   555 | D        | Found an ornate altar of the Wu Jian Council.
   555 | D        | Found a shimmering blue altar of Sif Muna.
   561 | D        | Reached skill level 14 in Bows
   562 | D        | Found a radiant altar of Vehumet.
   587 | D        | Found Tiustu Jumo's General Store.
   587 | D        | Found an ancient bone altar of Kikubaaqudgha.
   587 | D        | Found a hazy altar of Hepliaklqana.
   587 | D        | Found a stormy altar of Qazlal.
   587 | D        | Found a hide-covered altar of Uskayaw.
   587 | D        | Found a blossoming altar of Fedhas.
   587 | D        | Found a bloodstained altar of Trog.
   587 | D        | Found an iron altar of Okawaru.
   587 | D        | Found a basalt altar of Yredelemnul.
   587 | D        | Found a glowing golden altar of the Shining One.
   587 | D        | Found a snail-covered altar of Cheibriados.
   587 | D        | Found a sacrificial altar of Ru.
   587 | D        | Found a glowing silver altar of Zin.
   587 | D        | Found a shadowy altar of Dithmenos.
   587 | D        | Found a white marble altar of Elyvilon.
   587 | D        | Noticed a yak
   597 | D        | Killed a yak
   597 | D        | Reached skill level 15 in Bows
   629 | D        | Found an opulent altar of Gozag.
   631 | D        | Found a sparkling altar of Nemelex Xobeh.
   671 | D        | Found a burning altar of Makhleb.
   671 | D        | Found a viscous altar of Jiyva.
   671 | D        | Found a shimmering altar of Xom.
   671 | D        | Found a corrupted altar of Lugonu.
   671 | D        | Noticed a slime creature
   906 | D        | Killed a slime creature
   906 | D        | Reached skill level 16 in Bows
   906 | D        | Reached XP level 7. HP: 70/70 MP: 7/7
   973 | D        | Killed a hornet
  1049 | D        | Noticed a centaur warrior
  1055 | D        | Noticed a centaur warrior
  1059 | D        | HP: 2/70 [centaur warrior (2)]
  1059 | D        | Slain by a centaur warrior

Illustrated notes

Levels and vault maps discovered:
D:        dungeon_sprint_1 [red_sonja_temple_1, red_sonja_temple_small_1]

Skill      XL: |  1  2  3  4  5  6 |
---------------+-------------------+-----
Fighting       | 3 5 7 9 |  9.4
Bows           | 8 11 13 16 | 16.3
Dodging        | |  1.3
Stealth        | |  0.4

Action                   |  1- 3 |  4- 6 |  7- 9 || total
-------------------------+-------+-------+-------++-------
Melee: Short sword       |    10 |    14 |       ||    24
       Kick              |     1 |     2 |       ||     3
 Fire: Shortbow          |     7 |    50 |     7 ||    64
  Use: Potion            |     1 |     2 |       ||     3
Armor: Leather armour    |     5 |     4 |       ||     9
Dodge: Dodged            |     2 |     7 |     3 ||    12
